[Event "Chinese League Div-A Rapid 2022"]
[Site "Fuling,Chongqing"]
[Date "2022.09.12"]
[Round "6.14"]
[White "Ren, Xiaoyi"]
[Black "Zhai, Mo"]
[Result "1/2-1/2"]
[ECO "C67"]
[WhiteElo "2250"]
[BlackElo "2374"]
[Annotator "TA"]
[PlyCount "55"]
[EventDate "2022.09.07"]
[EventType "team-tourn"]
[EventCountry "CHN"]
[SourceTitle "playchess.com"]
[Source "ChessBase"]
[SourceQuality "1"]
[TimeControl "1500+10"]

1. e4 e5 2. Nf3 Nc6 3. Bb5 Nf6 4. O-O Nxe4 5. d4 Nd6 6. Bxc6 dxc6 7. dxe5 Nf5 8. Qxd8+ Kxd8 9. Nc3 Ke8 10. Rd1 Ne7 11. h3 Ng6 12. Ne2 {[%emt 0:01:15] C67: Ruy Lopez: Berlin Defence: 4 0-0 Nxe4.} Be7 {[%emt 0:02:13][%cal Bf8e7,Be7f6,Bf6d4][%mdl 32] The position is equal.} 13. a4 Be6 14. Be3 {[%emt 0:00:43] [#]} a6 $146 ({Predecessor:} 14... Bd5 15. Ned4 Rd8 16. Nf5 Rg8 17. Nd2 a5 18. Re1 b6 19. g4 c5 20. Kh2 h6 {½-½ (39) Hatsek,W (1906)-Topot,I (1748) LSS email 2013}) 15. Nfd4 Nxe5 16. Nxe6 fxe6 17. Bd4 Bf6 18. Nf4 Kf7 19. Re1 {[%emt 0:00:21] [#]} Nf3+ 20. gxf3 {[%emt 0:01:39] Black must now prevent Bxf6.} Bxd4 21. Rad1 e5 22. c3 Bxc3 23. bxc3 {[%emt 0:00:07] [#] Threatens to win with Rd7+.} exf4 $11 {[%emt 0:00:02] KRR-KRR} 24. Rd7+ Kf6 25. Rde7 {[%emt 0:00:19] Prevents Rhe8.} Rhf8 26. R1e6+ Kf5 27. Re5+ Kf6 28. R5e6+ {[%emt 0:00:05] An interesting draw.  Weighted Error Value: White=0.04 (flawless) /Black=0.04 (flawless)} 1/2-1/2

[Event "Chinese League Div-A Rapid 2022"]
[Site "Fuling,Chongqing"]
[Date "2022.09.12"]
[Round "6.15"]
[White "Chu, Ruotong"]
[Black "Hou, Yifan"]
[Result "0-1"]
[ECO "A37"]
[WhiteElo "2185"]
[BlackElo "2650"]
[Annotator "TA"]
[PlyCount "52"]
[EventDate "2022.09.07"]
[EventType "team-tourn"]
[EventCountry "CHN"]
[SourceTitle "playchess.com"]
[Source "ChessBase"]
[SourceQuality "1"]
[TimeControl "1500+10"]

1. c4 c5 2. Nc3 Nc6 3. g3 g6 4. Bg2 Bg7 5. Nf3 d6 6. a3 Bf5 {[%emt 0:02:08] A37: Symmetrical English vs ...g6: 4 Bg2 Bg7 5 Nf3.} 7. d3 Qc8 8. Nd5 {[%emt 0:01:54] [#]} Rb8 $146 {[%emt 0:01:44] The position is equal.} ({Predecessor:} 8... Nf6 9. e4 Bg4 10. Ne3 Bh3 11. O-O O-O 12. Bxh3 Qxh3 13. Ng5 Qd7 14. f4 h6 {1-0 (37) Schacher,G (2347)-Albano,M (2288) Cesenatico 2013}) 9. O-O h5 10. Rb1 Bh3 11. Re1 (11. b4 $14 {is superior.}) 11... Nf6 12. e4 Bg4 13. Ne3 Bxf3 14. Bxf3 h4 15. b4 b6 ({Black should try} 15... Nd7) 16. bxc5 $11 dxc5 17. Bb2 hxg3 18. hxg3 {[%emt 0:01:00] With the idea e5.} Nh5 (18... Qh3 $2 19. e5 Nd4 20. exf6 $18) (18... Nd4 $11) 19. Bg4 ({White should play} 19. e5 $1 $16 {aiming for Qa4.} Kf8 20. Nc2) 19... e6 20. Bxg7 Nxg7 21. Kg2 Qc7 22. Nd5 $2 {[%emt 0:00:20] [#] Now White is beyond hope.} exd5 $19 23. exd5+ Ne7 24. Qf3 (24. Qc1 {was called for.}) 24... Qd6 25. Be6 $2 (25. Qd1) 25... fxe6 26. Qf6 Rh7 {[%emt 0:00:50] Weighted Error Value: White=0.62/Black=0.24 (precise)} 0-1

[Event "Chinese League Div-A Rapid 2022"]
[Site "Fuling,Chongqing"]
[Date "2022.09.12"]
[Round "6.16"]
[White "Liu, Yan"]
[Black "Ding, Liren"]
[Result "0-1"]
[ECO "A42"]
[WhiteElo "2530"]
[BlackElo "2808"]
[Annotator "TA"]
[PlyCount "80"]
[EventDate "2022.09.07"]
[EventType "team-tourn"]
[EventCountry "CHN"]
[SourceTitle "playchess.com"]
[Source "ChessBase"]
[SourceQuality "1"]
[TimeControl "1500+10"]

1. Nf3 g6 2. d4 Bg7 3. c4 d6 4. g3 Nd7 5. Bg2 e5 6. O-O Ne7 7. Nc3 O-O 8. e4 exd4 9. Nxd4 Nc6 10. Nxc6 bxc6 11. Qc2 Qf6 {[%emt 0:02:03] was the old line (11...Ne5).} 12. Ne2 {[%emt 0:01:54] A42: Modern Defence: Averbakh Variation.} a5 $5 {[%emt 0:10:17][%mdl 4] Leaves trodden paths.} 13. Rb1 a4 {[%emt 0:00:01] [#]} 14. b3 $146 {[%emt 0:00:57] The position is equal.} ({Predecessor:} 14. Bd2 Nc5 15. Bc3 Qe7 16. Bxg7 Kxg7 17. Nd4 Bd7 18. f4 f6 19. Rfe1 Ne6 20. Nf5+ gxf5 21. exf5 {½-½ (44) Radulov,I (2340)-Todorov,T (2506) Drancy 2005}) 14... axb3 15. axb3 Qe7 16. Bb2 Ra2 17. Nc3 Ra6 18. f4 Re8 19. Ra1 Rb6 20. Na4 {[%emt 0:00:19] aiming for Bxg7.} Bxb2 21. Qxb2 Rb8 22. Rae1 Ba6 23. Qc3 c5 24. Qa5 Bc8 25. e5 dxe5 26. Qxc7 {[%emt 0:00:17] Strongly threatening fxe5.} Rxb3 27. fxe5 Nxe5 28. Qxe7 {[%emt 0:01:42][%mdl 64] Remove Defender} Rxe7 29. Nxc5 Rc3 30. Bd5 Bh3 31. Rc1 Re3 32. Rf4 Re2 (32... Bf5 $15) 33. Rh4 $2 {[%emt 0:01:41] [#] This move loses the game for White.} (33. Rf2 $11 Re3 34. Rf4) 33... Bg4 $1 $19 34. Rf1 (34. Kf1 $142) 34... h5 35. h3 g5 36. Rxg4 hxg4 37. hxg4 Nxg4 38. Bf3 {[%emt 0:00:51] [#]} R2e3 $1 39. Kg2 Nf6 40. Ba8 Kg7 {[%emt 0:00:06] Weighted Error Value: White=0.29 (precise) /Black=0.08 (flawless)} 0-1

[Event "Chinese League Div-A Rapid 2022"]
[Site "Fuling,Chongqing"]
[Date "2022.09.12"]
[Round "6.17"]
[White "Zeng, Chongsheng"]
[Black "Lu, Shanglei"]
[Result "1/2-1/2"]
[ECO "B52"]
[WhiteElo "2597"]
[BlackElo "2616"]
[Annotator "TA"]
[PlyCount "53"]
[EventDate "2022.09.07"]
[EventType "team-tourn"]
[EventCountry "CHN"]
[SourceTitle "playchess.com"]
[Source "ChessBase"]
[SourceQuality "1"]
[TimeControl "1500+10"]

1. e4 c5 2. Nf3 d6 3. Bb5+ Bd7 4. Bxd7+ Qxd7 5. O-O Nc6 6. c3 Nf6 7. Re1 e6 8. d4 cxd4 9. cxd4 d5 10. e5 Ne4 11. Nbd2 {[%emt 0:00:03] The position is equal.} Nxd2 $1 {[%emt 0:00:36] B52: Sicilian: Moscow Variation with 3...Bd7.} ({But not} 11... Bb4 12. Nxe4 dxe4 13. Rxe4 $16) 12. Bxd2 Bb4 13. Bxb4 Nxb4 14. Qd2 Nc6 15. Rac1 O-O 16. Rc2 Rfc8 17. Rec1 {[%emt 0:00:03] [#]} Ne7 $146 ({Predecessor:} 17... h6 18. h3 Ne7 19. Rxc8+ Rxc8 20. Rxc8+ Qxc8 21. g4 Qc4 22. b3 Qb5 23. Kg2 a5 24. h4 a4 {½-½ (40) Jakupovic,N (2150)-Cvitan,O (2560) Sarajevo 1998}) 18. Qb4 Rxc2 19. Rxc2 Nc6 20. Qd2 Ne7 21. Qc1 Rc8 22. Rxc8+ Qxc8 23. Qxc8+ Nxc8 24. Kf1 Kf8 25. Ke2 Ke7 26. Kd3 h6 27. h4 {[%emt 0:00:01] Not much happened in this game.  Weighted Error Value: White=0.01 (flawless) /Black=0.01 (flawless)} 1/2-1/2

[Event "Chinese League Div-A Rapid 2022"]
[Site "Fuling,Chongqing"]
[Date "2022.09.12"]
[Round "6.18"]
[White "Bu, Xiangzhi"]
[Black "Xu, Minghui"]
[Result "1-0"]
[ECO "A13"]
[WhiteElo "2709"]
[BlackElo "2408"]
[Annotator "TA"]
[PlyCount "47"]
[EventDate "2022.09.07"]
[EventType "team-tourn"]
[EventCountry "CHN"]
[SourceTitle "playchess.com"]
[Source "ChessBase"]
[SourceQuality "1"]
[TimeControl "1500+10"]

1. c4 e6 2. g3 d5 3. Bg2 Nf6 4. Nf3 d4 5. d3 c5 6. e4 {[%emt 0:00:00] A13: English Opening: 1...e6.} Nc6 7. e5 {[%emt 0:00:01] Against Bd6} Nd7 8. Qe2 {[%emt 0:00:01] The position is equal.} Be7 9. h4 Qc7 10. Bf4 b6 11. Nbd2 Bb7 12. a3 h6 (12... Ncxe5 13. Nxe5 Bxg2 14. Rh2 Nxe5 15. Bxe5 $16) 13. h5 O-O-O ({Resist} 13... Ncxe5 14. Nxe5 Bxg2 15. Nxf7 $1 $16) 14. O-O g5 15. hxg6 $1 fxg6 {[%emt 0:00:02] And now ...g5 would win.} 16. g4 g5 17. Bg3 h5 18. Rfe1 {[%emt 0:01:40] [#]} h4 $146 ({Predecessor:} 18... Rdg8 19. Rab1 Nf8 20. Ne4 hxg4 21. Nh2 Ng6 22. Nd6+ Kb8 23. Nxb7 Qxb7 24. Qe4 Nd8 25. Qxg4 {1-0 (56) Poleg,D (2321)-Savic,M (2067) Khanty-Mansiysk 2016}) 19. Bh2 Rhg8 20. Ne4 Ndxe5 $2 (20... Rdf8 $11) 21. Nxe5 $18 Nxe5 22. f3 h3 {[%emt 0:02:43] [#]} 23. Bh1 Rdf8 24. Nd2 {[%emt 0:00:08] Weighted Error Value: White=0.05 (flawless) /Black=0.39} ({Not} 24. Nf2 Bxf3 25. Qxe5 (25. Bxe5 Bxe2 26. Bxc7 Bxd3 $16) 25... Qxe5 26. Bxe5 Bxh1 $16) 1-0

[Event "Chinese League Div-A Rapid 2022"]
[Site "Fuling,Chongqing"]
[Date "2022.09.12"]
[Round "6.19"]
[White "Zhu, Jiner"]
[Black "Yeoh, Li Tian"]
[Result "1-0"]
[ECO "D35"]
[WhiteElo "2464"]
[BlackElo "2530"]
[Annotator "TA"]
[PlyCount "117"]
[EventDate "2022.09.07"]
[EventType "team-tourn"]
[EventCountry "CHN"]
[SourceTitle "playchess.com"]
[Source "ChessBase"]
[SourceQuality "1"]
[TimeControl "1500+10"]

1. d4 d5 2. c4 e6 3. Nc3 Nf6 4. cxd5 exd5 5. Bg5 Be7 6. e3 c6 7. Bd3 O-O 8. Nge2 Re8 9. O-O Nbd7 10. f3 Nh5 {[%emt 0:03:02] D35: Queen's Gambit Declined: Exchange Variation.} 11. Bxe7 Qxe7 12. e4 Nb6 {[%emt 0:01:00] White is slightly better.} 13. Qc2 g6 14. Rae1 Be6 {[%emt 0:01:37] [#]} 15. Qc1 $146 ({Predecessor:} 15. e5 c5 16. Qd2 Red8 17. b3 a6 18. Qh6 Rac8 19. Rc1 Ng7 20. Ng3 Nd7 21. f4 {0-1 (44) Garcia Ruiz,F (2031)-Pastor Alonso de Prado,E (2172) Mostoles 2015}) 15... Rad8 16. e5 f5 (16... Ng7 $11) 17. Nf4 Ng7 18. g3 a6 19. Nce2 {[%emt 0:00:48] White is more active.} Rc8 20. h4 c5 21. Qe3 ({White should try} 21. dxc5 $14 Nc4 22. b4 (22. Nxe6 Nxe6 23. b4 Nxe5 $15)) 21... Na4 {[%emt 0:02:24] White stays focused until the end.} (21... Bf7 $11) 22. b3 $16 c4 (22... Nb6 $16) 23. bxa4 cxd3 24. Qxd3 Rc4 25. a5 Rec8 26. Rb1 R8c7 27. Rb6 Kf7 $2 {[%emt 0:01:59] [#]} (27... R4c6 {was necessary.} 28. Rfb1 Kh8 29. Rxc6 Rxc6) 28. Rxe6 $1 $18 Nxe6 29. Nxd5 {[%emt 0:00:02] Pair of Knights!} Qd7 30. Nxc7 Qxc7 31. Kg2 Rc2 32. Rf2 Qc4 33. Qxc4 Rxc4 {[%emt 0:00:01][%mdl 4096] Endgame KRN-KRN} 34. d5 Nc5 (34... Nd8 $142 35. Nf4 Rc5) 35. Nf4 Ra4 36. Re2 Rxa5 37. e6+ Ke8 38. d6 Rb5 39. Nd5 {[%emt 0:00:10] [#] Threatening mate with Nf6+.} Nxe6 40. Rxe6+ {[%emt 0:00:29] KRN-KR} Kd7 41. Nf4 Rb2+ 42. Re2 Rxe2+ 43. Nxe2 Kxd6 {[%emt 0:00:01] KN-KP} 44. Kf2 Kc5 45. Ke3 {[%emt 0:00:01] Strongly threatening Kf4.} Kc4 46. Kd2 b5 47. Nf4 b4 48. Ne6 b3 49. axb3+ Kxb3 50. Nc5+ {[%emt 0:00:04] White mates.} Kc4 51. Nxa6 {[%emt 0:00:03] KN-K3P} Kd4 52. Nc7 h6 53. Ne6+ Ke5 54. Nf8 Kf6 55. Ke3 g5 56. h5 Ke5 57. Ng6+ Kf6 58. Kd4 Ke6 59. Kc5 {[%emt 0:00:10] Weighted Error Value: White=0.23 (precise) /Black=0.39} 1-0

[Event "Chinese League Div-A Rapid 2022"]
[Site "Fuling,Chongqing"]
[Date "2022.09.12"]
[Round "6.20"]
[White "Bai, Xue"]
[Black "Huang, Qian"]
[Result "0-1"]
[ECO "B08"]
[WhiteElo "2123"]
[BlackElo "2433"]
[Annotator "TA"]
[PlyCount "100"]
[EventDate "2022.09.07"]
[EventType "team-tourn"]
[EventCountry "CHN"]
[SourceTitle "playchess.com"]
[Source "ChessBase"]
[SourceQuality "1"]
[TimeControl "1500+10"]

1. e4 g6 2. Nf3 Bg7 3. d4 d6 4. Nc3 Nf6 5. Bd3 O-O 6. O-O Nc6 7. h3 e5 8. dxe5 Nxe5 9. Nxe5 dxe5 10. Bc4 {[%emt 0:00:33] B08: Pirc Defence: Classical System.} Qe7 11. Qe2 c6 12. a4 {[%emt 0:01:29] The position is equal.} Nh5 13. b3 Rd8 14. Qf3 {[%emt 0:01:36] [#] Against Nf4} (14. Rd1 {seems wilder.} Nf4 15. Rxd8+ Qxd8 16. Bxf4 exf4 17. Rd1) 14... Nf4 $146 ({Predecessor:} 14... Be6 15. Ba3 Qe8 16. Bxe6 Qxe6 17. Rad1 Nf4 18. Ne2 Nxe2+ 19. Qxe2 h5 20. Qe3 Rd7 {1-0 (71) Diaz Camallonga,C (2432)-Moussard,J (2605) Chess.com INT 2019}) 15. Ne2 Ne6 ({Better is} 15... Be6 $15) 16. Ba3 Qe8 17. Rad1 Bd7 18. Qe3 Nd4 (18... Nf8 $14) 19. Nxd4 $16 exd4 20. Qf3 (20. Rxd4 $16 {next Rd3 is good for White.} Bxd4 21. Qxd4) 20... Be6 21. Bxe6 fxe6 22. Qg3 e5 23. Rd3 b6 24. Qg4 c5 25. c4 Qc6 26. Bc1 a6 27. Qe2 b5 28. axb5 axb5 29. cxb5 Qxb5 30. Qc2 Ra1 (30... Ra6 $17 31. Bg5 Rda8) 31. Bg5 $15 Rxf1+ (31... Rda8 $5 ) 32. Kxf1 Ra8 $36 {[%emt 0:00:08][%mdl 2048] Black has some pressure.} 33. Kg1 h6 34. Bd2 (34. Be7 $15) 34... Ra3 35. Kh2 Qa6 {[%emt 0:00:24] White must now prevent ...Ra2.} 36. Rg3 Ra2 37. Qd1 (37. Qc1 $17 Kh7 38. Rf3) 37... Kh7 $1 $19 38. Rf3 $2 {[%emt 0:00:19] [#]} (38. h4) 38... Ra1 $1 39. Qc2 {[%emt 0:00:08] [#]} (39. Bc1 Kg8 40. Rg3) 39... Ra2 $2 (39... Qf1 $1 $19 {[%cal Rf1h1] ( -> ...Qh1+)} 40. Kg3 Qh1) 40. Qd1 $17 Qb7 {[%emt 0:00:20] Against Rf7} 41. Qe1 Qa6 {[%emt 0:00:24] aiming for ...Ra1.} 42. Qd1 Qb5 43. h4 Qc6 {[%emt 0:00:08] Black is more active.} (43... Qd7 {is interesting.} 44. Rd3 Qf7 45. Kg3 Bf6) 44. Qe1 Qe6 45. Rg3 {[%emt 0:00:46] Inhibits Qg4.} Qf6 46. Rh3 (46. h5 $142 gxh5 47. Rd3) 46... Qe6 47. Rg3 $1 Rb2 (47... Qe7 $19 48. Rh3 Qe6) 48. Qd1 (48. Qc1 $15 Ra2 49. Qd1) 48... Qf6 49. f3 $2 (49. h5 Qh4+ 50. Kg1) 49... Qxh4+ $19 50. Rh3 Qf2 {[%emt 0:00:03] Weighted Error Value: White=0.43/Black=0.41} 0-1

[Event "Chinese League Div-A Rapid 2022"]
[Site "Fuling,Chongqing"]
[Date "2022.09.12"]
[Round "6.21"]
[White "Pang, Tao"]
[Black "Wei, Yi"]
[Result "0-1"]
[ECO "E94"]
[WhiteElo "2427"]
[BlackElo "2727"]
[Annotator "TA"]
[PlyCount "176"]
[EventDate "2022.09.07"]
[EventType "team-tourn"]
[EventCountry "CHN"]
[SourceTitle "playchess.com"]
[Source "ChessBase"]
[SourceQuality "1"]
[TimeControl "1500+10"]

1. d4 Nf6 2. Nf3 g6 3. c4 Bg7 4. Nc3 O-O 5. e4 d6 6. Be2 Na6 7. O-O e5 8. dxe5 dxe5 9. Qc2 {[%emt 0:01:01] E94: King's Indian: Classical: 6 Be2 e5 7 0-0: Various Black 7th moves.} Qe8 10. Rd1 Bg4 11. Be3 {[%emt 0:00:59] White has an edge.} c6 12. a3 {[%emt 0:01:08] [#]} Nd7 $146 ({Predecessor:} 12... Nh5 13. h3 Bxf3 14. Bxf3 Nf4 15. Ne2 Ne6 16. Bg4 Nac7 17. Rd2 c5 18. Bxe6 Nxe6 {½-½ (25) Vignesh,N (2188)-Ramnath,B (2339) Chennai 2013}) 13. b4 Nc7 14. Ng5 (14. Nd2 $5 Bxe2 15. Nxe2 $14) 14... Bxe2 15. Qxe2 h6 16. Nf3 Ne6 17. c5 Qe7 18. Rd6 Rfd8 19. Rad1 Ndf8 20. b5 Rxd6 21. cxd6 Qd7 22. bxc6 bxc6 23. Na4 (23. Qa6 $16) 23... Rb8 24. Qc2 Rb5 25. Nc3 ({White should play} 25. h4 $16) 25... Rb7 26. Na4 Rb5 $1 27. Nc3 ({Better is} 27. h4 $16) 27... Rb8 28. Na4 Qb7 (28... Rb5 $1 $11 {keeps the balance.}) 29. Nc5 $16 Nxc5 30. Qxc5 Nd7 31. Qxa7 (31. Qa5 $1 $14) 31... Qxa7 $11 32. Bxa7 Ra8 33. Be3 Rxa3 34. h3 f5 35. Nh4 f4 36. Bc1 Ra4 37. Nxg6 Kf7 38. Ne7 Rxe4 39. Nxc6 Rc4 40. Ne7 Bf8 41. Nf5 Rc3 42. Bb2 Rb3 43. Bxe5 Rb5 44. Bxf4 Rxf5 45. g3 Kg6 46. Kg2 Bg7 47. Re1 Bf6 48. Re8 Rd5 49. Rg8+ Bg7 50. Re8 Nf6 51. Re6 Kf5 52. Re7 Bf8 53. Ra7 Kg6 54. Ra6 Kf5 55. Rb6 Nd7 56. Rb7 Ke6 57. Ra7 h5 58. g4 h4 59. Ra8 Kf7 60. Ra7 Ke6 61. Ra8 Rb5 62. Re8+ Kf7 63. Rd8 Nc5 64. Rc8 Ne6 65. Bh2 Rd5 66. Rc6 Rd4 67. Ra6 Bh6 68. Be5 Rd5 69. Bh2 Bf4 70. Ra4 $2 (70. Bxf4 $11 Nxf4+ 71. Kf3 Nxh3 72. Ke4) 70... Bxh2 $19 ({And not} 70... Bxd6 71. Ra7+ Be7 72. Bb8) 71. Kxh2 Rxd6 {[%emt 0:00:04][%mdl 4096] Endgame KRN-KR} 72. Kg2 Kf6 {[%emt 0:00:12] White must now prevent ...Ke5.} 73. Rb4 $2 (73. Ra5 $17) 73... Rd5 $2 (73... Ke5 $1 $19 74. g5 Nd4) 74. Re4 $17 {[%emt 0:00:06][%cal Og4g5] [#] Inhibits Nf4+.} Re5 (74... Ng5 $1 $17 75. Re8 Kg7) 75. Ra4 $2 (75. g5+ $1 $11 {and White is okay.} Rxg5+ 76. Kf3) 75... Kg5 $19 {[%emt 0:00:03] Threatens to win with ...Nf4+.} 76. Ra8 {[%emt 0:00:24] [#]} Nf4+ $1 77. Kf3 Rb5 78. Rg8+ Ng6 79. Kg2 $2 (79. Ke3) 79... Kf6 $2 (79... Rb3 {And now ...Rc3 would win.} 80. Kh2 Kh6) 80. Re8 $2 (80. Rc8) 80... Rb3 81. Re4 Kg5 82. Re3 Nf4+ 83. Kh2 Rxe3 84. fxe3 Nd5 85. e4 Nf4 86. e5 Kg6 87. Kg1 Nxh3+ 88. Kg2 Ng5 {[%emt 0:00:02] Weighted Error Value: White=0.13 (very precise) /Black=0.09 (flawless)} 0-1

[Event "Chinese League Div-A Rapid 2022"]
[Site "Fuling,Chongqing"]
[Date "2022.09.12"]
[Round "6.22"]
[White "Wang, Hao B"]
[Black "Chen, Qi b"]
[Result "0-1"]
[ECO "D52"]
[WhiteElo "2165"]
[BlackElo "2485"]
[Annotator "TA"]
[PlyCount "68"]
[EventDate "2022.09.07"]
[EventType "team-tourn"]
[EventCountry "CHN"]
[SourceTitle "playchess.com"]
[Source "ChessBase"]
[SourceQuality "1"]
[TimeControl "1500+10"]

1. d4 Nf6 2. c4 e6 3. Nf3 d5 4. Nc3 Nbd7 5. Bg5 c6 6. e3 Qa5 7. Nd2 Bb4 8. Qc2 O-O 9. Bxf6 Nxf6 10. Bd3 Rd8 {[%emt 0:01:51] D52: Queen's Gambit Declined: Cambridge Springs Variation.} 11. O-O dxc4 (11... Qc7 $11) 12. Nxc4 $14 {[%emt 0:00:11] Pair of Knights!} Qc7 {[%emt 0:00:02] White is slightly better.} 13. a3 Bf8 {[%emt 0:00:09] [#]} 14. Ne4 $146 ({Predecessor:} 14. Ne5 g6 15. Rac1 Nd5 16. Rfd1 f6 17. Nf3 Nxc3 18. Qxc3 a5 19. e4 a4 20. Be2 {1-0 (45) Stanescu,T (2337)-Monteiro,A (1823) ICCF email 2015}) 14... Nxe4 15. Bxe4 g6 16. b4 Bd7 17. h4 Be8 18. g3 Rac8 19. Rac1 b6 20. Ne5 c5 21. f4 (21. Rfd1 $11 {keeps the balance.}) 21... Qe7 $17 22. bxc5 bxc5 23. Rfd1 {[%emt 0:00:05] [#]} f6 $1 24. Nd3 (24. Nf3 $17 {is a better defense.}) 24... cxd4 $19 25. Qxc8 Rxc8 26. Rxc8 Qd7 ({Weaker is} 26... dxe3 27. Nc1 $17) 27. Rdc1 dxe3 {[%emt 0:00:09] Hoping for ...e2.} 28. Ne1 Qd2 ({And not} 28... Bxa3 29. R1c7 Qa4 30. Bc6 $11) 29. Nf3 $2 (29. Bg2 {was necessary.}) 29... Qf2+ 30. Kh1 {[%emt 0:00:01] [#]} e2 $1 {[%emt 0:00:06] Strongly threatening ...Bd7.} 31. Ne1 {[%emt 0:00:01] [#]} (31. Rg1 Bd7) 31... Qxg3 $1 {[%emt 0:01:23] ( -> ...Qh3+)} 32. Ng2 Qxa3 33. Re1 {[%emt 0:00:12] [#]} Bc5 $1 34. Kh2 {[%emt 0:00:47] [#] Inhibits Qh3+.} (34. Rxc5 Qxc5) 34... Bf2 $1 {[%emt 0:00:02] Weighted Error Value: White=0.90/Black=0.07 (flawless)} 0-1

[Event "Chinese League Div-A Rapid 2022"]
[Site "Fuling,Chongqing"]
[Date "2022.09.12"]
[Round "6.23"]
[White "Ma, Zhonghan"]
[Black "Lin, Chen"]
[Result "1-0"]
[ECO "E68"]
[WhiteElo "2485"]
[BlackElo "2485"]
[Annotator "TA"]
[PlyCount "71"]
[EventDate "2022.09.07"]
[EventType "team-tourn"]
[EventCountry "CHN"]
[SourceTitle "playchess.com"]
[Source "ChessBase"]
[SourceQuality "1"]
[TimeControl "1500+10"]

1. d4 Nf6 2. c4 g6 3. Nf3 Bg7 4. g3 O-O 5. Bg2 d6 6. O-O Nbd7 7. Nc3 e5 8. h3 Re8 9. e4 exd4 10. Nxd4 Nc5 11. Re1 Nfd7 12. Be3 Ne5 13. b3 c6 ({Black should play} 13... a5 $14) 14. Re2 {[%emt 0:02:16] E68: King's Indian: Fianchetto: 6...Nbd7 7 0-0 e5 8 e4.} Qa5 15. Qc2 Ne6 {[%emt 0:00:44] [#]} 16. Nxe6 $146 {[%emt 0:02:18] White is slightly better.} ({Predecessor:} 16. Rd1 Nxd4 17. Bxd4 Bxh3 18. f4 Bxg2 19. Kxg2 Ng4 20. Bxg7 Kxg7 {½-½ (20) Krallmann,M (2285)-Krass,H Dortmund 1993}) 16... Bxe6 17. Rc1 f5 18. f4 Nf7 (18... Nd7 $11) 19. Bf2 Re7 (19... Kf8 $14) 20. Qd2 {[%emt 0:01:19][%cal Oc3d5] [#] Strongly threatening Nd5!} (20. Nd5 {with more complications.} Rd7 21. Be1 Qd8 22. Bc3) 20... Qc7 ({Black should try} 20... Bxc3 21. Qxc3 (21. Rxc3 Bd7 $14) 21... Qxc3 22. Rxc3 Bd7) 21. Bd4 Rae8 22. Rce1 a6 23. Bxg7 Kxg7 24. Qd4+ Kf8 25. Re3 Bc8 26. exf5 (26. a3 {is interesting.} Re6 27. b4 Qe7 28. a4) 26... Rxe3 27. Rxe3 Rxe3 28. Qxe3 {[%emt 0:00:02] Hoping for f6.} gxf5 29. Qd4 {[%emt 0:00:15] White is more active.} Qe7 30. Kf2 {[%emt 0:00:09] Prevents Qe1+.} Bd7 (30... Qe6 $142) 31. Qb6 (31. Nd1 $142) 31... Be6 32. Bf3 Bc8 (32... Qf6 $142 33. Ne2 Nd8) 33. Qd4 Kg8 (33... Qe6 $16) 34. Nd1 $18 Bd7 35. Ne3 b5 $2 {[%emt 0:00:04] [#]} (35... Nd8 $16 {is more resistant.} 36. Qb6 Kf8) 36. Bxc6 $1 {[%emt 0:00:51][%mdl 512] Weighted Error Value: White=0.18 (very precise) /Black=0.38} 1-0

[Event "Chinese League Div-A Rapid 2022"]
[Site "Fuling,Chongqing"]
[Date "2022.09.12"]
[Round "6.24"]
[White "Guo, Qi"]
[Black "Sun, Fanghui"]
[Result "1-0"]
[ECO "E11"]
[WhiteElo "2406"]
[BlackElo "2182"]
[Annotator "TA"]
[PlyCount "79"]
[EventDate "2022.09.07"]
[EventType "team-tourn"]
[EventCountry "CHN"]
[SourceTitle "playchess.com"]
[Source "ChessBase"]
[SourceQuality "1"]
[TimeControl "1500+10"]

1. d4 Nf6 2. c4 e6 3. Nf3 Bb4+ 4. Bd2 c5 5. Bxb4 cxb4 6. a3 bxa3 7. Nxa3 {[%emt 0:00:02] is the legacy move (7.Rxa3).} O-O {[%emt 0:00:24] E11: Bogo-Indian.} 8. e3 d6 9. Be2 Nc6 {[%emt 0:01:05] [#] The position is equal.} 10. Nc2 $146 ({Predecessor:} 10. O-O e5 11. Nb5 a6 12. d5 Nb4 13. Nd2 Bf5 14. Nc3 {½-½ (14) Gallego Alcaraz,A (2500)-Narciso Dublan,M (2483) Badalona 2018}) 10... e5 11. b4 exd4 12. Nfxd4 d5 13. c5 Ne5 14. O-O a6 15. Na3 Qc7 {[%emt 0:03:59] [#]} 16. Nab5 $1 Qe7 17. Nc3 Be6 18. Qc2 a5 19. bxa5 {[%emt 0:03:18] White is more active.} Qxc5 20. Qb2 Rfc8 $2 {[%emt 0:02:59][%mdl 8192] Black cannot hold the game after this.} (20... Nc4 $16 {was worth a try.} 21. Qxb7 Nxa5) 21. Na4 $18 Qe7 22. Nb6 Bg4 23. Nxc8 Rxc8 (23... Bxc8 24. Rfc1 g6) 24. Bxg4 Nfxg4 25. h3 Nc4 26. Qe2 (26. Nf5 Qf8 27. Qxb7) 26... Nf6 27. Rfc1 Re8 28. a6 bxa6 29. Rxa6 Qe4 30. Qc2 Qh4 31. Rca1 g6 $2 (31... Qe4 32. Qxe4 Nxe4) 32. Nf3 Qe4 33. Qc3 Nd7 34. Ra8 {[%emt 0:00:04][%cal Of3e5] [#] Ne5! is the strong threat.} Ndb6 35. Rxe8+ Qxe8 36. Nd2 Qc6 37. Rc1 {[%emt 0:00:12] White is clearly winning.} Qb5 38. Rb1 Qc6 39. Nxc4 dxc4 40. Qd4 {[%emt 0:00:06] Weighted Error Value: White=0.40/Black=0.58} 1-0